Map: Aura de mort EC

Players

FireFoX

  • Race: Zerg Zerg
  • Spawn Location: 11:00

DisK - Winner!

  • Race: Protoss Protoss
  • League: Grandmaster
  • Spawn Location: 5:00

Event: DreamHack SC2 Masters 2020 Summer North America

VOD

Have the link to the VOD?

Description

Time

  • Played on: June 30, 2020, 4:09 p.m.
  • Length: 8:49

All games in this series

Show
View Real Time Build Order
Export as new Build Order

FireFoX Zerg 

Build Orders: Pool First 

Get SALT Encoding   

  12  0:17  Spawning Pool  
  11  0:22  Drone  
  11  0:26  Drone  
  13  0:37  Overlord  
  15  1:04  Zergling x6  
  16  1:18  Hatchery  
  15  1:19  Zergling x2  
  16  1:33  Drone  
  17  1:42  Drone  
  18  1:52  Drone, Queen  
  21  2:08  Drone, Extractor  
  21  2:15  Drone  
  23  2:25  Hatchery  
  22  2:34  Hatchery  
  22  2:36  Drone  
  22  2:45  Overlord  
  22  3:03  Drone, Queen  
  22  3:05  Drone  
  26  3:10  Drone  
  27  3:15  Metabolic Boost  
  27  3:22  Spore Crawler  
  27  3:26  Drone  
  27  3:32  Drone  
  27  3:33  Drone  
  29  3:37  Drone  
  30  3:43  Drone  
  31  3:52  Drone  
  31  3:53  Drone x2  
  34  3:59  Queen  
  36  4:06  Queen  
  36  4:08  Drone  
  39  4:11  Drone  
  39  4:14  Drone  
  41  4:21  Drone  
  42  4:26  Spore Crawler  
  42  4:27  Drone  
  42  4:29  Overlord x2  
  42  4:48  Drone x2  
  42  4:49  Drone x2  
  42  4:50  Roach Warren  
  43  4:54  Drone x2  
  45  5:03  Zergling x8  
  45  5:04  Zergling x2  
  45  5:06  Spine Crawler  
  44  5:12  Drone  
  44  5:13  Overlord  
  43  5:23  Overlord  
  43  5:29  Spore Crawler  
  43  5:31  Roach x5  
  50  5:38  Roach x2  
  50  5:39  Zergling x2  
  50  5:42  Zergling x2  
  56  5:55  Lair  
  56  5:59  Drone  
  56  6:00  Drone x4  
  56  6:01  Drone  
  62  6:05  Drone x2  
  64  6:14  Drone x2  
  64  6:17  Overlord  
  65  6:28  Overlord  
  65  6:37  Drone  
  65  6:38  Drone x7  
  73  6:42  Evolution Chamber  
  61  6:56  Roach x5, Extractor  
  61  6:58  Drone x4, Extractor  
  71  7:02  Glial Reconstitution  
  67  7:09  Drone x3  
  67  7:11  Drone x3  
  67  7:12  Drone x2  
  67  7:13  Drone x3  
  76  7:36  Spore Crawler  
  75  7:41  Roach x3  
  75  7:42  Overlord x2, Extractor  
  75  7:43  Hatchery  
  75  7:44  Extractor  
  79  7:48  Overlord  
  79  7:52  Overseer  
  79  7:59  Overlord x2, Baneling Nest  
  79  8:03  Drone x3  
  79  8:04  Drone x3  
  79  8:05  Drone x2  
  86  8:09  Drone x3, Extractor  
  86  8:11  Roach x3  
  86  8:12  Roach x2  
  98  8:19  Ravager  
  99  8:20  Zergling x10  
  103  8:30  Zergling x4  
Show
View Real Time Build Order
Export as new Build Order

DisK Protoss - Winner!

Build Orders: Phoenix Opening 

Get SALT Encoding   

  12  0:00  Probe  
  13  0:13  Probe  
  14  0:17  Pylon  
  14  0:25  Probe  
  15  0:34  Probe  
  15  0:36  Gateway  
  15  0:42  Probe  
  16  0:47  Assimilator  
  17  0:52  Probe  
  19  1:04  Probe  
  19  1:16  Zealot  
  19  1:20  Forge  
  19  1:23  Cybernetics Core  
  21  1:31  Pylon  
  21  1:38  Pylon  
  21  1:50  Probe  
  21  1:53  Photon Cannon  
  23  2:05  Gateway  
  23  2:12  Probe  
  22  2:29  Nexus  
  22  2:31  Probe  
  22  2:32  Warp Gate  
  23  2:39  Assimilator, Probe  
  24  2:47  Probe  
  24  2:52  Sentry  
  27  2:59  Probe  
  28  3:11  Probe  
  28  3:14  Stargate  
  28  3:20  Adept  
  28  3:23  Probe  
  28  3:26  Phoenix, Pylon  
  31  3:40  Probe  
  32  3:44  Probe  
  32  3:47  Gateway  
  33  3:52  Probe  
  33  3:55  Stalker  
  36  4:01  Gateway, Oracle  
  36  4:05  Probe  
  37  4:10  Probe  
  41  4:17  Probe  
  41  4:19  Probe  
  43  4:28  Probe  
  43  4:29  Probe  
  45  4:35  Pylon  
  45  4:40  Oracle, Probe  
  45  4:41  Probe  
  50  4:47  Zealot  
  50  4:52  Probe  
  53  4:58  Zealot x2  
  57  5:00  Probe  
  58  5:11  Probe  
  58  5:12  Probe  
  60  5:19  Sentry  
  62  5:24  Nexus, Pylon  
  62  5:26  Pylon  
  62  5:36  Robotics Facility  
  62  5:42  Assimilator x2, Probe  
  63  5:46  Shield Battery  
  63  5:48  Shield Battery  
  63  5:52  Robotics Facility  
  63  5:56  Probe x2  
  65  6:01  Void Ray  
  69  6:07  Stalker x2  
  69  6:08  Shield Battery  
  69  6:10  Stalker  
  75  6:20  Pylon  
  75  6:22  Pylon  
  75  6:34  Probe, Pylon  
  75  6:35  Probe  
  75  6:36  Immortal, Probe  
  82  6:50  Probe x3  
  84  6:58  Probe x2  
  85  7:02  Pylon  
  85  7:05  Warp Prism  
  85  7:08  Twilight Council  
  87  7:09  Forge, Probe x2  
  87  7:10  Probe  
  92  7:20  Gateway  
  92  7:21  Gateway, Probe  
  93  7:24  Sentry x3  
  93  7:26  Probe  
  100  7:41  Assimilator, Probe  
  100  7:42  Assimilator, Probe x2  
  103  7:46  Observer  
  103  7:47  Stalker x3  
  110  7:51  Gateway  
  110  8:00  Pylon  
  110  8:01  Pylon  
  110  8:14  Stalker x4  
  110  8:16  Stalker  
  120  8:33  Probe  
  119  8:39  Stalker x3  
  123  8:41  Gateway x2  
  123  8:43  Templar Archives  
  123  8:47  Stalker x2  
Tags
 
Add a new tag
Caveats
  • Supply blocks, unpowered buildings, or Contaminate may cause inaccurate times.
  • Supply counts are checked every 10 seconds.